[Event "Late-Titled-Tuesday-Blitz-November-28-2023"]
[Site "Chess.com"]
[Date "2023.11.28"]
[Round "2"]
[White "PositionalPanther"]
[Black "yoelpolanco"]
[Result "0-1"]
[WhiteElo "2464"]
[BlackElo "2271"]
[TimeControl "180+1"]
[EndTime "14:16:14 PST"]
[Termination "yoelpolanco won by resignation"]

1. Nf3 d5 2. g3 g6 3. c4 dxc4 4. Na3 Bg7 5. Nxc4 Nf6 6. Bg2 O-O 7. O-O c6 8. b3 Na6 9. Bb2 c5 10. Nfe5 Nd7 11. Nxd7 Qxd7 12. Bxg7 Kxg7 13. Qc2 Rb8 14. Qc3+ f6 15. Rfd1 Rd8 16. Rac1 b6 17. e3 Bb7 18. Bxb7 Qxb7 19. d4 Qf3 20. Nd2 Qb7 21. dxc5 Nxc5 22.
Nf1 Rbc8 23. Rxd8 Rxd8 24. Qc2 Rd7 25. Rd1 Rxd1 26. Qxd1 Qd7 27. Qxd7 Nxd7 28. Nd2 e6 29. Nf3 e5 30. Nd2 Kf7 31. Kf1 Ke6 32. Ke2 b5 33.
b4 Nb6 34. Kd3 f5 35. Nb3 Kd5 36. f3 e4+ 37. fxe4+ fxe4+ 38. Ke2 Na4 39. Kf2 Nc3 40. a3 Nb1 41. Nd4 a6 42. Nc2 Kc4 43. Ke2 Kb3 44. h4 Nxa3 45. Nd4+ Kxb4 46. Ne6 Kc3 47. Ng5 b4 48.
Nxe4+ Kc2 49. Nd2 b3 50. e4 b2 51. e5 Nb5 52. Ke3 a5 53. e6 a4 54. e7 Nc7 55. Kf3 Kxd2 0-1

[Event "Late-Titled-Tuesday-Blitz-November-28-2023"]
[Site "Chess.com"]
[Date "2023.11.28"]
[Round "2"]
[White "Tomytoteph"]
[Black "Jospem"]
[Result "0-1"]
[WhiteElo "2624"]
[BlackElo "3063"]
[TimeControl "180+1"]
[EndTime "14:16:15 PST"]
[Termination "Jospem won by resignation"]

1. e4 c5 2. Nf3 d6 3. d4 cxd4 4. Nxd4 a6 5. Nc3 e6 6. Be3 Nf6 7. Be2 b5 8. Bf3 e5 9. Nb3 Be7 10. O-O O-O 11. a4 b4 12. Nd5 Nc6 13. Rc1 Nxd5 14. exd5 Na5 15. Nxa5 Qxa5 16. b3 Bd7 17. Bd2 Qb6 18. c4 bxc3 19. Rxc3 Rfc8 20. Rc4 Rxc4 21. bxc4 Rc8 22. Qc2 h6 23. Be2 Bg5 24.
Bxg5 hxg5 25. Rb1 Qa5 26. Ra1 g6 27. Qc1 g4 28. Qa3 Rc5 29. Qb3 Qc7 30. Rb1 Kg7 31.
Qb6 Bxa4 32. Qxc7 Rxc7 33. Rb6 a5 34. Rxd6 Bb3 35. Bxg4 Rxc4 36. h3 Rd4 37. Bf3 e4 38.
Be2 Rd2 39. Bb5 Rxd5 40. Rb6 a4 41. Rb7 a3 42. Be8 Rd1+ 43. Kh2 a2 0-1

[Event "Late-Titled-Tuesday-Blitz-November-28-2023"]
[Site "Chess.com"]
[Date "2023.11.28"]
[Round "2"]
[White "ChristopherYoo"]
[Black "DefiantChair"]
[Result "1-0"]
[WhiteElo "3040"]
[BlackElo "2612"]
[TimeControl "180+1"]
[EndTime "14:16:16 PST"]
[Termination "ChristopherYoo won by checkmate"]

1. d4 Nf6 2. c4 e6 3. Nf3 d5 4. Nc3 Bb4 5. Bg5 dxc4 6. Qa4+ Nc6 7. e3 Qd5 8. Bxf6 gxf6 9. Be2 b5 10. Qc2 Bb7 11.
a4 a6 12. axb5 axb5 13. Rxa8+ Bxa8 14. O-O Bxc3 15. bxc3 Rg8 16. e4 Qd7 17. Ra1 Bb7 18.
Qd2 Nd8 19. Qf4 Rg6 20. e5 f5 21. Nh4 Rg7 22. h3 Qc6 23. Bf3 Qb6 24. Qh6 Kf8 25. d5 Kg8 26. Qf6 c5 27. Nxf5 Rg6 28. Ne7+ Kf8 29. Nxg6+ hxg6 30. d6 Bc8 31. Qh8# 1-0

[Event "Late-Titled-Tuesday-Blitz-November-28-2023"]
[Site "Chess.com"]
[Date "2023.11.28"]
[Round "2"]
[White "Dr_crypt"]
[Black "GAZZAN_3000"]
[Result "0-1"]
[WhiteElo "2368"]
[BlackElo "2663"]
[TimeControl "180+1"]
[EndTime "14:16:18 PST"]
[Termination "GAZZAN_3000 won by resignation"]

1. Nf3 d5 2. d4 Bg4 3. Nbd2 Nd7 4. g3 e6 5. Bg2 Ngf6 6. O-O Bd6 7. c4 c6 8. b3 O-O 9. Bb2 Re8 10. Ne5 Bh5 11.
Re1 Qc7 12. f4 Ng4 13. Nxg4 Bxg4 14. c5 Bf8 15. Qc2 Bf5 16. e4 dxe4 17. Bxe4 g6 18. Nf3 Bg7 19. Bxf5 exf5 20. Ne5 Nf6 21. Rad1 Nd5 22.
a3 Re7 23. b4 Rae8 24. Qf2 a5 25. Qd2 axb4 26. axb4 Re6 27. Nc4 Qe7 28. Kf2 Rxe1 29.
Rxe1 Qxe1+ 30. Qxe1 Rxe1 31. Kxe1 Nxb4 32. Kd2 Nd5 33.
Nd6 b6 34. cxb6 Nxb6 35. Kd3 Nd7 36. Ba3 Bf6 37. Kc4 Be7 38. Bc5 Bxd6 39. Bxd6 Kg7 40. Be5+ f6 41. Bd6 Kf7 42. d5 Nb6+ 43. Kc5 Nxd5 44. Kxc6 Ne3 45. Bc5 Nf1 46. Bg1 Ke6 47.
Kc5 Nd2 48. Kc6 Nf3 49. Bf2 Nxh2 50. Kc5 Ng4 51. Be1 h5 52. Kd4 Nh6 53. Bf2 Nf7 54.
Be1 Nd6 55. Bf2 Ne4 56. Be1 g5 57. Kc4 g4 58. Kd4 Kd6 59. Kc4 h4 60. gxh4 g3 61.
Bxg3 Nxg3 62. Kd4 Nh5 0-1

[Event "Late-Titled-Tuesday-Blitz-November-28-2023"]
[Site "Chess.com"]
[Date "2023.11.28"]
[Round "2"]
[White "Elsa167"]
[Black "OPQRC"]
[Result "1-0"]
[WhiteElo "2918"]
[BlackElo "2557"]
[TimeControl "180+1"]
[EndTime "14:16:20 PST"]
[Termination "Elsa167 won by resignation"]

1. d4 Nf6 2. c4 e6 3. Nf3 d5 4.
Nc3 c5 5. Bg5 cxd4 6. Qxd4 Nc6 7. Bxf6 gxf6 8. Qh4 d4 9. O-O-O e5 10. e3 f5 11. Qh5 Be7 12. exd4 e4 13. d5 Nb4 14.
Ne5 Rf8 15. d6 Bxd6 16. c5 Bxe5 17. Bb5+ Ke7 18. Rxd8 Rxd8 19. a3 Nd3+ 20. Bxd3 Rxd3 21. Nxe4 Be6 22. Qh4+ Kf8 23. Nd6 Bxd6 24. cxd6 a5 25.
Qxh7 Rxd6 26. Qh8+ Ke7 27. Qxa8 1-0

[Event "Late-Titled-Tuesday-Blitz-November-28-2023"]
[Site "Chess.com"]
[Date "2023.11.28"]
[Round "2"]
[White "Sanyura"]
[Black "NCchamp"]
[Result "0-1"]
[WhiteElo "2545"]
[BlackElo "2352"]
[TimeControl "180+1"]
[EndTime "14:16:20 PST"]
[Termination "NCchamp won by resignation"]

1. Nf3 d5 2. g3 c6 3. d3 Bg4 4. Nbd2 Nd7 5. h3 Bh5 6. Bg2 e6 7. O-O Bd6 8. e4 Ne7 9. b3 O-O 10. Bb2 a5 11. a3 b5 12. g4 Bg6 13. h4 h6 14. h5 Bh7 15. g5 hxg5 16. Nxg5 e5 17.
Nxh7 Kxh7 18. Nf3 Ng8 19. Bc1 Be7 20. Qe2 d4 21. Nh2 Bg5 22. f4 exf4 23. Bxf4 Nh6 24.
Rf2 Bxf4 25. Rxf4 Ne5 26. Raf1 Qg5 27. Kh1 c5 28. Bh3 c4 29. Bf5+ Kh8 30. R4f2 cxd3 31.
cxd3 Rad8 32. Re1 Qh4 33. Rg2 Nxd3 34. e5 Nxe1 0-1

[Event "Late-Titled-Tuesday-Blitz-November-28-2023"]
[Site "Chess.com"]
[Date "2023.11.28"]
[Round "2"]
[White "The_Princess_Moon"]
[Black "dianamirza"]
[Result "1-0"]
[WhiteElo "2395"]
[BlackElo "2021"]
[TimeControl "180+1"]
[EndTime "14:16:20 PST"]
[Termination "The_Princess_Moon won by resignation"]

1. e4 c5 2. Nf3 e6 3. c3 Nf6 4. e5 Nd5 5. d4 cxd4 6. cxd4 d6 7. Nc3 dxe5 8. Nxe5 Bb4 9. Bd2 Nxc3 10. bxc3 Bd6 11. Qg4 O-O 12. Bh6 Qf6 13. Bg5 Qf5 14. Qg3 f6 15. Bh6 g5 16. Bd3 Qf4 17. Qxf4 gxf4 18. Bxf8 Kxf8 19. Nc4 Bc7 20. h4 f5 21. Kd2 b6 22.
Rhe1 Kf7 23. Ne5+ Kf6 24. Bc4 Ba6 25. Bb3 Bb7 26. f3 Bd5 27. Nd3 Bxb3 28. axb3 Nd7 29. Ra6 Nb8 30. Ra4 Nc6 31. Rc4 Na5 32. Rxc7 Nxb3+ 33.
Kc2 Na5 34. Rxh7 Rg8 35. Nxf4 1-0

[Event "Late-Titled-Tuesday-Blitz-November-28-2023"]
[Site "Chess.com"]
[Date "2023.11.28"]
[Round "2"]
[White "Hongjin"]
[Black "CheckThis4"]
[Result "0-1"]
[WhiteElo "2512"]
[BlackElo "2730"]
[TimeControl "180+1"]
[EndTime "14:16:21 PST"]
[Termination "CheckThis4 won by resignation"]

1. d4 Nf6 2. c4 e5 3. dxe5 Ng4 4.
Nf3 Bc5 5. e3 Nc6 6. Nc3 O-O 7.
Be2 Re8 8. O-O Ncxe5 9. Nxe5 Nxe5 10. b3 a5 11. Bb2 Ra6 12. Ne4 Bf8 13. Ng3 Rg6 14.
Qc2 d6 15. Rad1 Qh4 16. Rd4 Qe7 17. Re4 f5 18. Rf4 Qg5 19. Bh5 Ng4 20. Rxf5 Bxf5 21. Qxf5 Qh4 22. h3 Ne5 23. Bxg6 hxg6 24. Bxe5 gxf5 25.
Bc3 f4 26. Nf5 Qg5 0-1

[Event "Late-Titled-Tuesday-Blitz-November-28-2023"]
[Site "Chess.com"]
[Date "2023.11.28"]
[Round "2"]
[White "ploxoi"]
[Black "Charodej1"]
[Result "1-0"]
[WhiteElo "2454"]
[BlackElo "2205"]
[TimeControl "180+1"]
[EndTime "14:16:21 PST"]
[Termination "ploxoi won by resignation"]

1. c4 e5 2. g3 Nf6 3. Bg2 d5 4.
cxd5 Nxd5 5. Nf3 Nc6 6. d3 Be7 7. O-O O-O 8. a3 a5 9. Qc2 Be6 10. Nc3 Nb6 11. Be3 f5 12. Na4 Nxa4 13. Qxa4 Bf6 14. Qb5 Qd5 15. Qxd5 Bxd5 16. Rab1 a4 17. Nd2 Rfd8 18. Bxd5+ Rxd5 19. Rbc1 Bd8 20. Rc2 Nd4 21.
Bxd4 exd4 22. Rfc1 c6 23. Nf3 Bf6 24. Rc5 Rad8 25.
Rxd5 Rxd5 26. Rc4 Rb5 27. Rc2 Kf7 28. Kf1 Ke6 29. Ke1 Kd5 30. Kd1 Ra5 31. Nd2 b5 32. Nf3 Ra8 33. h4 g6 34. Ne1 h6 35. Ng2 g5 36. h5 Be5 37. Kd2 Bd6 38. Ne1 b4 39.
Rc4 bxa3 40. bxa3 Bxa3 41. Nc2 Bb2 42. Nb4+ Ke5 43. Nxc6+ Kd6 44. Nxd4 a3 45. Nb5+ Ke6 46. Nc7+ Kd7 47. Nxa8 a2 48. Ra4 a1=Q 49. Rxa1 Bxa1 50.
Nb6+ Kc6 51. Nc4 Bf6 52. e4 fxe4 53. dxe4 Kc5 54. Kd3 Ba1 55. Ne3 Bg7 56. Nf5 Bf8 57. f4 gxf4 58. gxf4 Kc6 59. e5 Kd7 60. Ke4 Ke6 61.
Nd4+ Kf7 62. f5 1-0

[Event "Late-Titled-Tuesday-Blitz-November-28-2023"]
[Site "Chess.com"]
[Date "2023.11.28"]
[Round "2"]
[White "Statham_l3"]
[Black "IlyaGrigorjev"]
[Result "0-1"]
[WhiteElo "2553"]
[BlackElo "2900"]
[TimeControl "180+1"]
[EndTime "14:16:25 PST"]
[Termination "IlyaGrigorjev won on time"]

1. e4 e5 2. Nf3 Nc6 3. c3 d5 4.
Bb5 f6 5. Qe2 a6 6. Ba4 dxe4 7.
Qxe4 Ne7 8. d4 Bf5 9. Qe2 b5 10.
Bb3 exd4 11. cxd4 Nxd4 12. Nxd4 Qxd4 13. O-O O-O-O 14. Rd1 Qe5 15. Rxd8+ Kxd8 16. Be3 Nd5 17. Bxd5 Qxd5 18. Nc3 Qc6 19. a4 b4 20. Nd5 Bd6 21.
Rd1 b3 22. Nb4 Qxa4 23. Qc4 Qb5 24. Nc6+ Kd7 25. Qxb5 axb5 26. Nd4 Bc2 27. Rd2 Ra8 28. g3 Be4 29. f3 Bd5 30. Nxb3 Bxb3 0-1

[Event "Late-Titled-Tuesday-Blitz-November-28-2023"]
[Site "Chess.com"]
[Date "2023.11.28"]
[Round "2"]
[White "picturesquecheck"]
[Black "NateSolon"]
[Result "1-0"]
[WhiteElo "2378"]
[BlackElo "2667"]
[TimeControl "180+1"]
[EndTime "14:16:26 PST"]
[Termination "picturesquecheck won by resignation"]

1. e4 c5 2. Nf3 Nf6 3. e5 Nd5 4. c3 d6 5. exd6 e6 6. g3 Bxd6 7. Bg2 O-O 8. d4 cxd4 9. Nxd4 Nd7 10. O-O N7f6 11. c4 Ne7 12. b3 a6 13. Bb2 Ng6 14. Nc3 Qc7 15. Re1 Bd7 16. Qc2 Rad8 17. Rad1 Rfe8 18.
h4 Bc5 19. a3 Ba7 20. Nce2 e5 21. Nf5 Ng4 22. Rf1 h5 23. Nd6 Re6 24. Ne4 Bc6 25. b4 Rxd1 26. Qxd1 Bxe4 27. Bxe4 Rf6 28. c5 b6 29. Bxg6 Rxg6 30. Nc3 bxc5 31. Nd5 Qb7 32. Qf3 Qd7 33. Rd1 Qe6 34. Nc7 Qc6 35. Nd5 Qe6 36. Nc7 Qc6 37. Nd5 Qb7 38. Nf6+ 1-0

[Event "Late-Titled-Tuesday-Blitz-November-28-2023"]
[Site "Chess.com"]
[Date "2023.11.28"]
[Round "2"]
[White "vidavi"]
[Black "paulachess"]
[Result "1-0"]
[WhiteElo "2443"]
[BlackElo "2187"]
[TimeControl "180+1"]
[EndTime "14:16:26 PST"]
[Termination "vidavi won by resignation"]

1. e4 c5 2. Nf3 d6 3. d4 cxd4 4. Nxd4 Nf6 5. Nc3 g6 6. f4 Bg7 7. e5 Nfd7 8. e6 Nf6 9. Bb5+ Kf8 10. f5 a6 11. Be2 Qa5 12. O-O Nc6 13. Be3 Nxd4 14.
Bxd4 fxe6 15. fxg6 hxg6 16. Qd3 e5 17. Qxg6 Rh6 18.
Qg5 Be6 19. Be3 Rh8 20. Ne4 Rg8 21. Nxf6 Bxf6 22. Rxf6+ exf6 23. Qxf6+ Bf7 24. Rf1 Qc7 25. Bh5 Ke8 26. Bxf7+ Kd7 27. Qe6+ Kc6 28. Qd5+ Kd7 29. Be6+ Ke7 30. Rf7+ Ke8 1-0

[Event "Late-Titled-Tuesday-Blitz-November-28-2023"]
[Site "Chess.com"]
[Date "2023.11.28"]
[Round "2"]
[White "Godzillator"]
[Black "TanitoluwaAps116"]
[Result "0-1"]
[WhiteElo "2350"]
[BlackElo "2701"]
[TimeControl "180+1"]
[EndTime "14:16:27 PST"]
[Termination "TanitoluwaAps116 won by resignation"]

1. Nf3 Nf6 2. d4 g6 3. c3 Bg7 4.
Bf4 d6 5. e3 O-O 6. h3 Nc6 7.
Bh2 Re8 8. Nbd2 Bd7 9. Be2 e5 10.
dxe5 dxe5 11. O-O Qe7 12. Nb3 Rad8 13. Qc2 Bf5 14. Qc1 Bd3 15. Bxd3 Rxd3 16. Rd1 Red8 17. Rxd3 Rxd3 18. Qc2 e4 19. Nfd4 Ne5 20. Bxe5 Qxe5 21. Nc1 c5 22. Nf3 Qd5 23. Nxd3 exd3 24. Qd1 Ne4 25. Nd2 Nxd2 26. Qxd2 c4 27. Re1 Bh6 28. b3 b5 29. bxc4 bxc4 30. Rb1 Bg5 31. f4 Bf6 32. Re1 Qa5 33. Rc1 Be7 34. e4 Ba3 35. Rb1 Bc5+ 36. Kh1 Bd4 37. Rc1 h5 38. Qb2 Be3 39. Rf1 h4 40. f5 g5 41. f6 Kh7 42. Qb4 Qxb4 43.
cxb4 c3 0-1

[Event "Late-Titled-Tuesday-Blitz-November-28-2023"]
[Site "Chess.com"]
[Date "2023.11.28"]
[Round "2"]
[White "LiemLe"]
[Black "SouS007"]
[Result "1-0"]
[WhiteElo "3127"]
[BlackElo "2626"]
[TimeControl "180+1"]
[EndTime "14:16:28 PST"]
[Termination "LiemLe won by resignation"]

1. Nf3 g5 2. Nxg5 e5 3. d4 h6 4. Nf3 e4 5. Nfd2 e3 6. fxe3 d5 7. g3 h5 8. c4 h4 9. Bg2 hxg3 10. hxg3 Rxh1+ 11. Bxh1 Bd6 12. Nf1 dxc4 13. Qa4+ Nc6 14. d5 Qg5 15. dxc6 b5 16. Qc2 Bf5 17. e4 Bxg3+ 18.
Kd1 O-O-O+ 19. Bd2 Qf4 20. Bf3 Bh3 21. Kc1 Qd6 22. Nxg3 Qxg3 23. a4 b4 24. Qxc4 Qg1+ 25. Kc2 Kb8 26. Qxb4+ Qb6 27. Qxb6+ axb6 28. Nc3 Ne7 29.
Bg5 Re8 30. Bxe7 Rxe7 31. Rh1 Bc8 32. Rh8 1-0

[Event "Late-Titled-Tuesday-Blitz-November-28-2023"]
[Site "Chess.com"]
[Date "2023.11.28"]
[Round "2"]
[White "BigAl"]
[Black "ckgchess"]
[Result "0-1"]
[WhiteElo "2542"]
[BlackElo "2858"]
[TimeControl "180+1"]
[EndTime "14:16:33 PST"]
[Termination "ckgchess won on time"]

1. Nf3 Nf6 2. g3 b6 3. Bg2 Bb7 4. O-O g6 5. d3 Bg7 6. e4 O-O 7.
a4 c5 8. a5 Nc6 9. a6 Bc8 10. e5 Ne8 11. c3 Nc7 12. d4 cxd4 13. cxd4 Bxa6 14. Re1 Bb7 15. Nc3 d6 16. exd6 exd6 17.
Bg5 Qd7 18. Ne4 f5 19. Nc3 Rfe8 20. Bf4 h6 21. d5 Na5 22. Qd3 Na6 23. h4 Nb4 24.
Rxe8+ Rxe8 25. Qd1 Kh7 26. Ra4 Nxd5 27. Nxd5 Bxd5 28. Qxd5 Qxa4 29. h5 g5 30. Qxf5+ Kh8 31. Bxg5 Qe4 32. Qf7 Rf8 33. Qxa7 Rxf3 34. Bxf3 Qxf3 35.
Qa8+ Qxa8 0-1

[Event "Late-Titled-Tuesday-Blitz-November-28-2023"]
[Site "Chess.com"]
[Date "2023.11.28"]
[Round "2"]
[White "Fortitudine"]
[Black "Alex_Sahakyan2006"]
[Result "0-1"]
[WhiteElo "2367"]
[BlackElo "2697"]
[TimeControl "180+1"]
[EndTime "14:16:33 PST"]
[Termination "Alex_Sahakyan2006 won by resignation"]

1. c4 Nf6 2. g3 g6 3. Bg2 Bg7 4. Nc3 O-O 5. e4 d6 6. Nge2 e5 7. O-O Nc6 8. d3 h6 9. h3 Nd7 10. Be3 f5 11. Qd2 Kh7 12. exf5 gxf5 13. d4 Nf6 14. dxe5 dxe5 15. Qxd8 Rxd8 16. Nb5 Rd7 17. Rad1 Rf7 18. Nbc3 Be6 19. Nd5 Rd8 20. Nec3 Rfd7 21. Rfe1 e4 22. Nxf6+ Bxf6 23. Rxd7+ Rxd7 24. Bf1 Ne5 25. Rc1 a6 26. b3 c6 27. Ne2 Nd3 28. Rd1 Nb4 29. Rxd7+ Bxd7 30. a3 Nc2 31. a4 a5 32. Bd2 b6 33. Bc3 Bxc3 34. Nxc3 Nd4 35. g4 Nxb3 36. gxf5 Bxf5 37. Bg2 Nc5 38. Ne2 Kg6 39. Nd4 Bd7 40. f3 exf3 41. Bxf3 Nxa4 42. Bxc6 Bxc6 43. Nxc6 Nb2 44. Ne5+ Kf5 45. c5 Kxe5 46. cxb6 Kd6 47. b7 Kc7 0-1

[Event "Late-Titled-Tuesday-Blitz-November-28-2023"]
[Site "Chess.com"]
[Date "2023.11.28"]
[Round "2"]
[White "SEBAZZANO"]
[Black "Yurasova_Daria"]
[Result "1/2-1/2"]
[WhiteElo "2260"]
[BlackElo "2470"]
[TimeControl "180+1"]
[EndTime "14:16:34 PST"]
[Termination "Game drawn by agreement"]

1. d4 d5 2. Bf4 Bf5 3. e3 Nf6 4.
Nf3 e6 5. Nbd2 c5 6. c3 Nc6 7.
Be2 Be7 8. Ne5 Nxe5 9. Bxe5 O-O 10. O-O Bd6 11. Nf3 Bxe5 12. Nxe5 Qb6 13. Qb3 c4 14. Qxb6 axb6 15. a3 b5 16. f3 Rfd8 17. Kf2 h6 18. g4 Bh7 19. h4 Ne8 20. g5 h5 21. f4 Bg6 22. Bf3 Nd6 23. Rfe1 Ra4 24.
Nxg6 fxg6 25. e4 dxe4 26. Bxe4 Nxe4+ 27. Rxe4 Ra6 28. Rae1 Kf7 29. Re5 Rd5 30. Rxd5 exd5 31. Re5 Rd6 32. Kf3 Rd7 33. Ke3 Re7 34. Kf3 Rd7 35. Ke3 Re7 1/2-1/2

[Event "Late-Titled-Tuesday-Blitz-November-28-2023"]
[Site "Chess.com"]
[Date "2023.11.28"]
[Round "2"]
[White "alexrustemov"]
[Black "WPWPWP-2015"]
[Result "1-0"]
[WhiteElo "2856"]
[BlackElo "2533"]
[TimeControl "180+1"]
[EndTime "14:16:35 PST"]
[Termination "alexrustemov won on time"]

1. d4 Nf6 2. Bg5 e6 3. e3 h6 4. Bh4 Be7 5. Nd2 b6 6. Bd3 Bb7 7. Ngf3 O-O 8. Qe2 d6 9. O-O a6 10. a4 Nbd7 11. e4 c5 12. c3 cxd4 13. cxd4 Re8 14.
Rfc1 Nh5 15. Bxe7 Rxe7 16. Qe3 e5 17. d5 a5 18. g3 Nc5 19. Bb5 Kh7 20. Nh4 g6 21.
Rc3 Bc8 22. Re1 Raa7 23. f3 Ng7 24. Nc4 f5 25. exf5 Nxf5 26. Nxf5 gxf5 27. Rc2 Rg7 28. f4 Raf7 29. Rf2 e4 30. Rg2 Rg6 31. Qd4 Rfg7 32. Ne3 h5 33. Kf2 Rc7 34. h3 Rcg7 35. Reg1 Kg8 36.
Ke2 Qe7 37. Kd1 Qd8 38. Kc2 Qe7 39. Kb1 Qd8 40. Ka2 Qe7 41. g4 fxg4 42. hxg4 hxg4 43. f5 Qf6 44. Qxf6 Rxf6 45. Nxg4 Rxg4 46. Rxg4+ Kh7 47. Rg7+ Kh6 48. Rg8 1-0

[Event "Late-Titled-Tuesday-Blitz-November-28-2023"]
[Site "Chess.com"]
[Date "2023.11.28"]
[Round "2"]
[White "randomo"]
[Black "stasOR4ik"]
[Result "1-0"]
[WhiteElo "2334"]
[BlackElo "2478"]
[TimeControl "180+1"]
[EndTime "14:16:36 PST"]
[Termination "randomo won on time"]

1. e4 c6 2. c4 d5 3. cxd5 cxd5 4.
exd5 Nf6 5. Bb5+ Bd7 6. Bc4 Na6 7. Bxa6 bxa6 8. Nc3 g6 9. Nf3 Bg7 10. O-O O-O 11.
Qe2 Bg4 12. h3 Bxf3 13. Qxf3 Qd7 14. Re1 Rad8 15. Re5 Qc7 16. d4 Ne8 17. Bf4 Bxe5 18. dxe5 Qb7 19. Qe2 Nc7 20. d6 Ne6 21. Bg3 Rfe8 22.
Rd1 a5 23. Nd5 exd6 24. Nf6+ Kf8 25. Nxe8 Rxe8 26. exd6 Nf4 27. Qxe8+ Kxe8 28. Bxf4 Kd8 29.
d7 f6 30. Bh6 Qxb2 31. Bf8 Qe2 32. Rd6 Qe5 33. g3 a4 34. Rd1 Qe2 35. Rd6 h5 36. Bg7 Qe1+ 37. Kg2 Qe4+ 38. Kh2 Qf3 39. Bxf6+ Kc7 40. d8=Q+ Kb7 41. Qe7+ 1-0

[Event "Late-Titled-Tuesday-Blitz-November-28-2023"]
[Site "Chess.com"]
[Date "2023.11.28"]
[Round "2"]
[White "2346PL"]
[Black "Chessnut2018"]
[Result "1-0"]
[WhiteElo "2362"]
[BlackElo "1261"]
[TimeControl "180+1"]
[EndTime "14:16:36 PST"]
[Termination "2346PL won on time"]

1. Nf3 d5 2. d4 Nf6 3. g3 e6 4. Bg2 Be7 5. O-O O-O 6. c4 c6 7. Ne5 Nbd7 8. b3 a6 9. Nxd7 Bxd7 10. Nc3 Re8 11. Bb2 g6 12. Qc2 Bf8 13. Rad1 Bg7 14.
e4 Rc8 15. e5 Ne4 16. Nxe4 dxe4 17. Qxe4 Qb6 18. h4 h5 19. Kh2 a5 20. Ba3 Qa6 21. Bd6 a4 22. Qc2 axb3 23. axb3 b5 24. Ra1 Qb7 25. c5 Ra8 26. f4 Rxa1 27. Rxa1 Ra8 28.
Qb2 Rxa1 29. Qxa1 Bc8 30. Qa5 Bd7 31. Qd8+ Kh7 32. Qb6 Qc8 33. Be4 f6 34. b4 fxe5 35. dxe5 Qe8 36. Qa7 Kh6 37. Kh3 Qf7 38. Qb8 Be8 39.
Qd8 Bf8 40. Qg5+ Kh7 41. Qxh5+ 1-0

[Event "Late-Titled-Tuesday-Blitz-November-28-2023"]
[Site "Chess.com"]
[Date "2023.11.28"]
[Round "2"]
[White "chenrip"]
[Black "DamianoLew95"]
[Result "1-0"]
[WhiteElo "2426"]
[BlackElo "2742"]
[TimeControl "180+1"]
[EndTime "14:16:38 PST"]
[Termination "chenrip won by resignation"]

1. e4 c5 2. Nf3 d6 3. Bb5+ Nd7 4. a4 a6 5. Bc4 e6 6. a5 Ngf6 7. Nc3 Be7 8. d4 cxd4 9. Nxd4 Ne5 10. Be2 Nc6 11.
Nxc6 bxc6 12. e5 dxe5 13. Qxd8+ Bxd8 14. Bf3 Nd5 15. O-O f5 16. Na4 e4 17. Be2 Bxa5 18. Nc5 Bb6 19. Nxa6 Kf7 20. Bd2 e3 21. fxe3 Nxe3 22.
Bxe3 Bxe3+ 23. Kh1 Bxa6 24. Bxa6 Ra7 25. Bc4 Rxa1 26.
Rxa1 Kf6 27. Ra6 Rc8 28. g3 Bd2 29. Kg2 g5 30. Kf3 h5 31. Ke2 Bb4 32. c3 Bd6 33. b4 h4 34. gxh4 gxh4 35. h3 Ke7 36. Ra7+ Rc7 37. Ra8 Be5 38. Kd3 Rd7+ 39. Kc2 Kf6 40.
Rh8 Bg3 41. Rh6+ Kg5 42. Rxe6 f4 43. Be2 Be1 44. Bg4 Rd2+ 45. Kc1 Rg2 46. Rxe1 Rxg4 47. hxg4 h3 48. c4 f3 49. Kd2 Kxg4 50. Ke3 Kg3 51. Rg1+ Kh2 52. Rg8 Kh1 53. Kf2 h2 54. Rh8 c5 55. Rxh2+ Kxh2 56. bxc5 1-0

[Event "Late-Titled-Tuesday-Blitz-November-28-2023"]
[Site "Chess.com"]
[Date "2023.11.28"]
[Round "2"]
[White "Chemim21"]
[Black "Romadk"]
[Result "0-1"]
[WhiteElo "2215"]
[BlackElo "2457"]
[TimeControl "180+1"]
[EndTime "14:16:39 PST"]
[Termination "Romadk won on time"]

1. d4 Nf6 2. c4 e6 3. Nf3 d6 4.
Nc3 b6 5. e4 Bb7 6. Bd3 g6 7. Qe2 Bg7 8. h4 Nbd7 9. Bd2 c5 10.
d5 Qe7 11. Nb5 O-O 12. Bf4 e5 13. Bg5 h6 14. Bd2 a6 15. Nc3 Nh7 16. g4 b5 17. cxb5 axb5 18. Bxb5 f5 19. gxf5 gxf5 20. exf5 Rxf5 21. Rg1 Kh8 22. Bd3 Rf7 23. Rg3 Ndf6 24. Bg6 Nxd5 25. Bxf7 Qxf7 26. Ne4 Nf4 27. Nxd6 Qd5 28.
Bxf4 exf4 29. Rxg7 Qxf3 30. Qxf3 Bxf3 31. Rf7 Ra6 32.
Nf5 Bd5 33. Re7 Rf6 34. Re8+ Bg8 35. Ne7 Re6+ 36. Kd2 Nf6 37. Nxg8 Rd6+ 38. Kc3 Nxe8 39. Ne7 Re6 40. Nd5 f3 41. Ne3 Nd6 42. Rd1 Ne4+ 43.
Kc4 Nxf2 44. Nf5 Nxd1 0-1

[Event "Late-Titled-Tuesday-Blitz-November-28-2023"]
[Site "Chess.com"]
[Date "2023.11.28"]
[Round "2"]
[White "wallowss"]
[Black "Dontmesswithme_2"]
[Result "0-1"]
[WhiteElo "2212"]
[BlackElo "2464"]
[TimeControl "180+1"]
[EndTime "14:16:41 PST"]
[Termination "Dontmesswithme_2 won on time"]

1. d4 d5 2. c4 c6 3. Nf3 Nf6 4. g3 Bf5 5. Bg2 e6 6. O-O Nbd7 7. b3 h6 8. Bb2 Bd6 9. Nbd2 O-O 10. Ne5 Qc7 11. f4 Bb4 12. Rc1 Qa5 13. Nxd7 Nxd7 14. Nf3 Qxa2 15. Ba1 Nf6 16. Ne5 Ba3 17.
Rc3 Ne4 18. Bxe4 Bxe4 19. Rf2 Bb4 20. Rc1 Qa5 21. Nd3 Bd2 22. Rc2 Be3 23. Rb2 Bxd3 24. exd3 Bxd4 25. Rb1 Bxf2+ 26. Kxf2 Rad8 27. Kg1 dxc4 28. bxc4 Rd7 29. Qg4 f6 30. Qxe6+ Rff7 31. Re1 Re7 32.
Qc8+ Rf8 0-1

[Event "Late-Titled-Tuesday-Blitz-November-28-2023"]
[Site "Chess.com"]
[Date "2023.11.28"]
[Round "2"]
[White "lluiss"]
[Black "DreamsAreFake"]
[Result "0-1"]
[WhiteElo "2191"]
[BlackElo "2642"]
[TimeControl "180+1"]
[EndTime "14:16:42 PST"]
[Termination "DreamsAreFake won on time"]

1. Nf3 Nf6 2. d4 b6 3. g3 Bb7 4.
Bg2 g6 5. O-O Bg7 6. b3 O-O 7.
Bb2 c5 8. c4 cxd4 9. Nxd4 Bxg2 10. Kxg2 d5 11. Na3 e5 12. Nf3 e4 13. Nd4 Re8 14. e3 Na6 15. cxd5 Qxd5 16. Ndb5 Red8 17. Qxd5 Nxd5 18. Bxg7 Kxg7 19. Rad1 Ndb4 20. Rxd8 Rxd8 21. Nxa7 Rd2 22. Nc4 Rxa2 23. Nxb6 Nc5 24. Nb5 f5 25. Nd4 Nbd3 26. Nc4 Kf6 27. h4 h6 28. Kg1 g5 29.
hxg5+ hxg5 30. Kg2 g4 31. Nd6 Ne6 32. N6xf5 Ng5 33. Nd6 Ke5 34. Nc4+ Kd5 35. Nf5 Nh3 36. Nh6 Ndxf2 0-1

[Event "Late-Titled-Tuesday-Blitz-November-28-2023"]
[Site "Chess.com"]
[Date "2023.11.28"]
[Round "2"]
[White "annazero"]
[Black "Andrei_Skvortsov"]
[Result "0-1"]
[WhiteElo "2513"]
[BlackElo "2738"]
[TimeControl "180+1"]
[EndTime "14:16:45 PST"]
[Termination "Andrei_Skvortsov won by resignation"]

1. d4 e6 2. Nf3 Ne7 3. g3 g6 4. Bg2 Bg7 5. O-O O-O 6. e4 d5 7. e5 c5 8. c3 Nbc6 9. h4 cxd4 10. cxd4 f6 11. exf6 Bxf6 12. Nc3 Nf5 13. Bg5 Ncxd4 14. Nxd4 Nxd4 15. Bh6 Re8 16. h5 Nf5 17. Bd2 Bd7 18.
hxg6 hxg6 19. Qg4 Kg7 20. Rfe1 Bc6 21. Rad1 Qc7 22. Bf4 Qf7 23. Be5 Rad8 24. b4 a6 25. a4 Rf8 26. Rd2 Bxe5 27. Rxe5 Qf6 28. f4 b6 29. b5 axb5 30. axb5 Bb7 31. Rde2 Rd6 32. Ra2 Rc8 33. Ne2 Rc7 34. Ra7 Nh6 35. Qh3 Nf7 36. Re3 d4 37. Rd3 Bxg2 38. Qxg2 Rxa7 39. Qe4 Ra1+ 40.
Kf2 Ra2 41. g4 Qh4+ 42. Kg2 Qxg4+ 0-1